 Dungeon Crawl Stone Soup version 0.24.0-29-g8ce449bc06 (webtiles) character file.

Game seed: 10685835276237602236, levelgen mode: deterministic

53 Banto the Vexing (level 3, -9/14 HPs)
             Began as a Felid Enchanter on Nov 15, 2019.
             Killed by divine providence
             ... invoked by an orc priest
              (12 damage)
             ... on level 2 of the Dungeon.
             The game lasted 00:03:18 (3072 turns).

Banto the Vexing (Felid Enchanter)                  Turns: 3072, Time: 00:03:18

Health: -9/14      AC:  1    Str:  4    XL:     3   Next: 64%
Magic:  7/7        EV: 19    Int: 17    God:
Gold:   130        SH:  0    Dex: 16    Spells: 3/6 levels left
                                        Lives:  0   Deaths: 0

rFire    . . .     SeeInvis +     - Unarmed
rCold    . . .     Gourm    .   (shield unavailable)
rNeg     . . .     Faith    .   (armour unavailable)
rPois    .         Spirit   .   (helmet unavailable)
rElec    .         Reflect  .   (cloak unavailable)
rCorr    .         Harm     .   (gloves unavailable)
MR       .....                  (boots unavailable)
Stlth    +++.......             (no amulet)
HPRegen  0.04/turn              (no ring)
MPRegen  0.10/turn              (no ring)

@: flying, very slightly contaminated, quick
A: very small, no armour, no weapons or thrown items, stealth, claws 1, fangs 3,
see invisible, carnivore, speed 1, shaggy fur 1, slow metabolism 1, sharp paws
a: no special abilities


You were on level 2 of the Dungeon.
You were completely stuffed.

You visited 1 branch of the dungeon, and saw 4 of its levels.

You collected 130 gold pieces.

Inventory:

Wands
 d - a wand of digging (4)
Scrolls
 a - 4 scrolls of teleportation
 e - a scroll of identify
 f - a scroll of amnesia {unknown}
 i - 2 scrolls of fear {unknown}
Potions
 c - a potion of mutation
Comestibles
 b - 7 rations
 k - 4 chunks of flesh


   Skills:
 + Level 3.4 Dodging
 + Level 4.8 Stealth
 + Level 2.0 Unarmed Combat
 - Level 2.0 Spellcasting
 + Level 5.1 Hexes


You had 3 spell levels left.
You knew the following spells:

 Your Spells              Type           Power        Failure   Level  Hunger
a - Corona                Hex            ###....      2%          1    #......
b - Ensorcelled Hibernat  Hex/Ice        ##....       11%         2    ###....

Your spell library contained the following spells:

 Spells                   Type           Power        Failure   Level  Hunger
 Confuse                  Hex            ###.....     7%          3    ###....
 Tukima's Dance           Hex            ###.....     7%          3    ###....
 Dazzling Spray           Conj/Hex       ##....       21%         3    ###....


Dungeon Overview and Level Annotations

Branches:
Dungeon (4/15)
 Temple: D:4-7

Altars:
Qazlal


Innate Abilities, Weirdness & Mutations

You cannot wear armour.
You are incapable of wielding weapons or throwing items.
Your paws allow you to move quietly. (Stealth)
You have sharp claws.
You have razor-sharp teeth.
You have supernaturally acute eyesight. (SInv)
You are carnivorous and can eat meat at any time.
You cover ground quickly.
You are covered in fur. (AC +1)
You have a slow metabolism.
Your sharp claws are effective at attacking unaware monsters.


Message History

The orc priest completely misses you.
Casting: Ensorcelled Hibernation (safe; 11% risk of failure)
Confirm with . or Enter, or press ? or * to list all spells.
Aiming: Ensorcelled Hibernation (safe; 11% risk of failure)
Press: ? - help, Shift-Dir - straight line, f - you
Okay, then.
You completely miss the orc priest.
The orc priest is heavily wounded.
The orc priest closely misses you.
Casting: Ensorcelled Hibernation (safe; 11% risk of failure)
Confirm with . or Enter, or press ? or * to list all spells.
Aiming: Ensorcelled Hibernation (safe; 11% risk of failure)
Press: ? - help, Shift-Dir - straight line, f - you
Okay, then.
You completely miss the orc priest.
The orc priest is heavily wounded.
The orc priest invokes the aid of Beogh against you.
Beogh smites you!
Ouch! That really hurt!
You die...

###♣≈≈≈≈♣P≈≈≈≈≈≈≈≈≈♣≈≈≈≈##.......
.)..♣≈≈≈♣PP≈♣♣≈♣P≈≈♣♣.#########..
........♣♣♣♣♣≈≈♣♣.....# #..
........# #.........# ##..
......[.######+#'######## #...
........'..# #..........# #...
........##.# #..........# #...
.........#.# ##.o.......# #...
.........#.# #.@.......# #...
.........#.# #[........# #...
########.#.# #.........# #...
########.#.# #.........# ####
.......#.#.#####.########
.#####.#.#...# #.# .#<..#....##.#
#.# .#.#####.....###.# .#.#
##.#......#


You could see an orc priest.

Vanquished Creatures
  A leopard gecko (D:3)
  3 orcs
  4 giant cockroaches
  3 hobgoblins
  4 jackals
  2 quokkas
  4 bats
  3 frilled lizards
  10 goblins
  3 kobolds
  7 rats
44 creatures vanquished.

Notes
Turn   | Place    | Note
-------+----------+-------------------------------------------
     0 | D:1      | Banto the Felid Enchanter began the quest for the Orb.
     0 | D:1      | Reached XP level 1. HP: 7/7 MP: 4/4
   749 | D:1      | Reached XP level 2. HP: 10/11 MP: 6/6
  1007 | D:1      | Learned a level 2 spell: Ensorcelled Hibernation
  1508 | D:2      | You fall into a shaft and drop 2 floors!
  1536 | D:3      | Reached XP level 3. HP: 10/14 MP: 0/7
  1727 | D:3      | Found a stormy altar of Qazlal.
  2018 | D:2      | Reached skill level 5 in Hexes
  3072 | D:2      | Killed from afar by an orc priest

Levels and vault maps discovered:
D:1:      dpeg_arrival_simpleton_b, layout_basic, lemuel_old_faithful
D:2:      layout_basic, first_ration, serial_bayou_lake_a
D:3:      layout_basic, lemuel_crystal_altar, marbit_many_paths,
          gammafunk_temple_overflow_elements
D:4:      layout_cave_pools, grunt_temple_overflow_gold_and_silver,
          lemuel_doored_altar, serial_shops, shop, uniq_eustachio, uniq_grinder

Skill      XL: |  1  2  3 |
---------------+----------+-----
Dodging        | 3 |  3.4
Hexes          | 5 |  5.1
Unarmed Combat | 2 |  2.0
Stealth        | |  4.8
Spellcasting   | |  2.0

Action                   || total
-------------------------++-------
Melee: Unarmed           ||   125
       Bite              ||     4
 Cast: Corona            ||    10
       Ensorcelled Hiber ||    22
  Use: Scroll            ||     4
       Potion            ||     3
 Stab: Sleeping          ||    24
  Eat: Chunk             ||    13
Armor: Skin              ||     7
Dodge: Dodged            ||   104
